 Dungeon Crawl Stone Soup version 0.19.0 (webtiles) character file.

477 Banto the Slasher (level 6, -8/39 HPs)
             Began as a High Elf Skald on Nov 2, 2016.
             Mangled by an ogre
             ... wielding a cursed -2 giant club
              (21 damage)
             ... on level 5 of the Dungeon.
             The game lasted 00:07:09 (4110 turns).

Banto the Slasher (High Elf Skald)                  Turns: 4110, Time: 00:07:09

Health: -8/39      AC:  4    Str: 11    XL:     6   Next: 85%
Magic:  10/10      EV: 16    Int: 24    God:
Gold:   211        SH:  3    Dex: 17    Spells: 1 memorised, 8 levels left

rFire  . . .     SeeInvis +     u - +4 Vampire's Tooth {vamp}
rCold  . . .     Gourm    .     v - +1 robe of Mezcal {Int+4 Stlth+}
rNeg   . . .     Faith    .     (no shield)
rPois  .         Spirit   .     o - +0 helmet
rElec  .         Reflect  +     (no cloak)
rCorr  .         Harm     .     (no gloves)
MR     .....                    (no boots)
Stlth  +++.......               m - +3 amulet of reflection
                                f - +4 ring of intelligence
                                s - ring of see invisible

@: no status effects
A: no striking features
a: no special abilities


You were on level 5 of the Dungeon.
You were not hungry.

You visited 1 branch of the dungeon, and saw 5 of its levels.

You collected 211 gold pieces.

Inventory:

Hand Weapons
 a - a +0 falchion
 k - a +0 dagger of venom
 u - the +4 Vampire's Tooth (weapon) {vamp}
   (You found it on level 4 of the Dungeon)

   It inflicts no extra harm, but heals its wielder when it wounds a living foe.
Armour
 b - a +0 leather armour
 n - a +0 buckler
 o - a +0 helmet (worn)
 v - the +1 robe of Mezcal (worn) {Int+4 Stlth+}
   (You found it on level 4 of the Dungeon)

   It affects your intelligence (+4).
   It makes you more stealthy.
Jewellery
 f - a +4 ring of intelligence (right hand)
 m - a +3 amulet of reflection (around neck)
 s - a ring of see invisible (left hand)
Wands
 h - a wand of disintegration (24/24)
 r - a wand of confusion (25/48)
Scrolls
 e - 3 scrolls of identify
 i - 2 scrolls of fog
 t - a scroll of teleportation
Potions
 g - 2 potions of ambrosia
 p - 3 potions of curing
 q - 2 potions of flight
 x - 2 potions of berserk rage
Books
 c - a book of Battle

   Spells                             Type                      Level
   a - Infusion                       Charms                       1
   b - Shroud of Golubria             Charms/Translocation         2
   c - Song of Slaying                Charms                       2
   d - Spectral Weapon                Hexes/Charms                 3
   e - Regeneration                   Charms/Necromancy            3
Comestibles
 d - 3 bread rations
 j - 3 fruits
 w - 5 chunks of flesh


   Skills:
 - Level 2.0 Fighting
 + Level 6.4 Long Blades
 - Level 0.8 Armour
 + Level 5.6 Dodging
 - Level 2.4 Spellcasting
 - Level 3.6 Charms


You had 8 spell levels left.
You knew the following spells:

 Your Spells              Type           Power        Failure   Level  Hunger
a - Infusion              Chrm           ###.         2%          1    None


Dungeon Overview and Level Annotations

Branches:
Dungeon (5/15)
 Temple: D:4-7

Altars:
Hepliaklqana

Annotations:
D:3 humperndinck's ghost, amateur OgFi


Message History

The ogre is moderately wounded.
The jackal barely misses you.
You hit the ogre.
The ogre is heavily wounded.
The jackal bites you.
* * * LOW HITPOINT WARNING * * *
The ogre barely misses you.
You take 3 damage, and have 7/39 hp.
You hit the ogre.
You feel better.
The ogre is severely wounded.
The jackal barely misses you. The ogre misses you.
You regained 6 hp, and now have 13/39 hp.
You completely miss the ogre.
The ogre is severely wounded.
The jackal closely misses you. The jackal barely misses you.
You barely miss the ogre.
The ogre is severely wounded.
The ogre hits you with a giant club!!
Ouch! That really hurt!
You die...

.. .# .#
########.#
#........#
#........# #
#........##.#
#.....Oh....#
#......@.####
...!......#
##.........#
#.##.####...
# #. ..## #.
..# #. !# .#


You could see an ogre and a jackal.

Vanquished Creatures
  An ogre (D:4)
  A scorpion (D:4)
  A water moccasin skeleton (D:4)
  2 vampire bats (D:4)
  Jessica (D:3)
  Terence (D:3)
  A worker ant (D:4)
  6 adders
  A shadow imp (D:4)
  An adder skeleton (D:4)
  3 worms
  2 leopard geckos
  13 bats
  5 giant cockroaches
  3 goblins
  7 hobgoblins
  8 jackals
  2 quokkas (D:4)
  A ball python skeleton (D:4)
  A frilled lizard (D:1)
  15 rats
76 creatures vanquished.

Notes
Turn   | Place    | Note
-------+----------+-------------------------------------------
     0 | D:1      | Banto the High Elf Skald began the quest for the Orb.
     0 | D:1      | Reached XP level 1. HP: 14/14 MP: 4/4
   133 | D:1      | Reached XP level 2. HP: 14/19 MP: 6/6
   198 | D:1      | Reached skill level 3 in Long Blades
   795 | D:1      | Reached XP level 3. HP: 24/24 MP: 7/7
  1186 | D:2      | Found a hazy altar of Hepliaklqana.
  2036 | D:3      | Noticed Jessica
  2048 | D:3      | Killed Jessica
  2048 | D:3      | Reached skill level 4 in Long Blades
  2048 | D:3      | Reached XP level 4. HP: 25/29 MP: 8/8
  2130 | D:3      | Noticed humperndinck's ghost (amateur OgFi)
  2190 | D:3      | Noticed Terence
  2215 | D:3      | Killed Terence
  2541 | D:4      | Reached XP level 5. HP: 34/34 MP: 9/9
  2576 | D:4      | Got a heavy robe
  2612 | D:4      | Identified the cursed +1 robe of Mezcal {Int+4 Stlth+} (You found it on level 4 of the Dungeon)
  2713 | D:4      | Reached skill level 5 in Long Blades
  3327 | D:4      | Reached XP level 6. HP: 38/39 MP: 6/10
  3508 | D:4      | Reached skill level 5 in Dodging
  3853 | D:4      | Reached skill level 6 in Long Blades
  4096 | D:5      | Entered Level 5 of the Dungeon
  4110 | D:5      | Mangled by an ogre

Skill      XL: |  1  2  3  4  5  6 |
---------------+-------------------+-----
Long Blades    | 3 4 5 6 |  6.4
Dodging        | 2 3 4 5 |  5.6
Fighting       | |  2.0
Armour         | |  0.8
Spellcasting   | |  2.4
Charms         | |  3.6

Action                   |  1- 3 |  4- 6 || total
-------------------------+-------+-------++-------
Melee: Falchion          |    54 |       ||    54
       Dagger            |    93 |   219 ||   312
 Cast: Infusion          |       |    13 ||    13
Evoke: Wand              |       |     1 ||     1
  Use: Scroll            |     5 |     7 ||    12
 Stab: Sleeping          |     3 |     3 ||     6
  Eat: Chunk             |     3 |     7 ||    10
       Fruit             |       |     5 ||     5
       Royal jelly       |       |     1 ||     1
Armor: Leather armour    |    35 |     9 ||    44
       Robe              |       |    35 ||    35
Dodge: Dodged            |    77 |   186 ||   263
Block: Other             |     6 |    25 ||    31
       Rpst.: Falchion   |    15 |       ||    15

Table legend:
 A = Turns spent in this place as a percentage of turns spent in the entire game.
 B = Non-inter-level travel turns spent in this place as a percentage of non-inter-level travel turns spent in the entire game.
 C = Inter-level travel turns spent in this place as a percentage of turns spent in this place.
 D = Turns resting spent in this place as a percentage of non-inter-level travel turns spent in this place.
 E = Turns spent auto-exploring this place as a percentage of non-inter-level travel turns spent in this place.
 F = Non-inter-level travel turns spent in this place divided by the number of levels of this place that you've seen.
                   A       B       C       D       E      F
               +-------+-------+-------+-------+-------+----------------------
         Total | 100.0 | 100.0 |   0.7 |   3.9 |   8.3 | 259.0
       Dungeon | 100.0 | 100.0 |   0.7 |   3.9 |   8.3 | 259.0
               +-------+-------+-------+-------+-------+----------------------

Table legend:
 A = Kills in this place as a percentage of kills in entire the game.
 B = Kills by you in this place as a percentage of kills by you in the entire game.
 C = Kills by friends in this place as a percentage of kills by friends in the entire game.
 D = Other kills in this place as a percentage of other kills in the entire game.
 E = Experience gained in this place as a percentage of experience gained in the entire game.
 F = Experience gained in this place divided by the number of levels of this place that you have seen.
                   A       B       C       D       E      F
               +-------+-------+-------+-------+-------+----------------------
         Total | 100.0 | 100.0 |  -nan |  -nan | 100.0 | 136.4
       Dungeon | 100.0 | 100.0 |  -nan |  -nan | 100.0 | 136.4
               +-------+-------+-------+-------+-------+----------------------
